 Dungeon Crawl Stone Soup version 0.28-a0-1629-gf728b707aa (webtiles) character file.

Game seed: 389981254938898183

158 mightbedylan the Vexing (level 5, -1/31 HPs)
             Began as a Kobold Arcane Marksman on Jan 24, 2022.
             Slain by a scorpion (3 damage)
             ... on level 4 of the Dungeon.
             The game lasted 00:29:45 (4068 turns).

mightbedylan the Vexing (Kobold Arcane Marksman)    Turns: 4068, Time: 00:29:46

Health: -1/31      AC:  3    Str:  7    XL:     5   Next: 67%
Magic:  8/8        EV: 15    Int: 17    God:
Gold:   180        SH:  0    Dex: 15    Spells: 7/8 levels left

rFire   . . .      SeeInvis .   e - +0 short sword
rCold   . . .      Faith    .   (no shield)
rNeg    . . .      Spirit   .   d - +1 robe
rPois   .          Reflect  .   (no helmet)
rElec   .          Harm     .   (no cloak)
rCorr   .          Rampage  .   (no gloves)
Will    .....                   (no boots)
Stlth   ++........              (no amulet)
HPRegen 0.10/turn               (no ring)
MPRegen 0.11/turn               (no ring)

@: lethally poisoned (-1 -> -5)
A: small, no large weapons, nightstalker 3
a: no special abilities


You were on level 4 of the Dungeon.
You visited 1 branch of the dungeon, and saw 4 of its levels.

You collected 180 gold pieces.

Inventory:

Hand Weapons
 a - a +0 hand crossbow
 e - a +0 short sword (weapon)
Missiles
 c - 26 bolts
 h - 13 poisoned darts (quivered)
Armour
 d - a +1 robe (worn)
Jewellery
 b - a ring of protection from cold
Wands
 o - a wand of acid (4)
Scrolls
 f - a scroll of enchant armour
 g - 2 scrolls of teleportation
 i - a scroll of silence {unknown}


   Skills:
 - Level 2.5 Fighting
 + Level 0.0 Short Blades
 + Level 3.6 Crossbows
 - Level 3.4 Dodging
 - Level 2.0 Spellcasting
 + Level 3.9 Hexes
 + Level 0.5 Ice Magic


You had 7 spell levels left.
You knew the following spells:

 Your Spells              Type           Power      Damage    Failure   Level
a - Slow                  Hex            60%        N/A       3%          1

Your spell library contained the following spells:

 Spells                   Type           Power      Damage    Failure   Level
 Inner Flame              Hex/Fire       8%         N/A       26%         3
 Portal Projectile        Hex/Tloc       16%        N/A       26%         3
 Corpse Rot               Necr/Air       2%         N/A       28%         2
 Poisonous Vapours        Pois/Air       2%         N/A       28%         2
 Cause Fear               Hex            7%         N/A       36%         4
 Ozocubu's Armour         Ice            3%         N/A       43%         3
 Metabolic Englaciation   Hex/Ice        4%         N/A       91%         5
 Simulacrum               Ice/Necr       1%         N/A       100%        6


Dungeon Overview and Level Annotations

Branches:
Dungeon (4/15)
 Temple: D:4-7

Altars:

Shops:
D:1 **[*[   D:2 ?


Innate Abilities, Weirdness & Mutations

You are small and have problems with some larger weapons.
You are completely attuned to the shadows.


Message History

You hit the scorpion.
The scorpion is severely wounded.
You feel sick. The scorpion closely misses you.
The scorpion stings you but does no damage.
You completely miss the scorpion.
The scorpion is severely wounded.
You feel sick.
You are no longer poisoned.
The scorpion barely misses you.
You barely miss the scorpion.
The scorpion is severely wounded.
The scorpion completely misses you.
You barely miss the scorpion.
The scorpion is severely wounded.
The scorpion closely misses you. The scorpion misses you.
You hit the scorpion but do no damage.
The scorpion is severely wounded.
The scorpion stings you.
You are poisoned.
The scorpion poisons you!
You barely miss the scorpion.
The scorpion is severely wounded.
You feel very sick. The scorpion barely misses you.
You hit the scorpion but do no damage.
The scorpion is severely wounded.
You feel sick. The scorpion closely misses you. The scorpion misses you.
You hit the scorpion but do no damage.
The scorpion is severely wounded.
You feel sick. The scorpion stings you!
* * * LOW HITPOINT WARNING * * *
You hit the scorpion but do no damage.
The scorpion is severely wounded.
* * * LOW HITPOINT WARNING * * *
You feel sick. The scorpion misses you.
You hit the scorpion but do no damage.
The scorpion is severely wounded.
* * * LOW HITPOINT WARNING * * *
You feel sick. The scorpion stings you.
You die...

###.##......
#.............
.....##.......#
#.#####.......#
#.# #.......#
#.# #.......#
#.# ####.###
#####.########.#
!........s@....#
###.############
... ####


You could see a scorpion.

Vanquished Creatures
  An iguana (D:4)
  6 adders
  3 dart slugs
  5 orcs (D:3)
  4 ball pythons (D:1)
  5 bats
  10 endoplasms
  4 giant cockroaches
  4 goblins
  5 hobgoblins
  5 quokkas
  3 frilled lizards
  3 kobolds
  8 rats
66 creatures vanquished.

Notes
Turn   | Place    | Note
-------+----------+-------------------------------------------
     0 | D:1      | mightbedylan the Kobold Arcane Marksman began the quest for
                  | the Orb.
     0 | D:1      | Reached XP level 1. HP: 12/12 MP: 2/2
    36 | D:1      | Found Poka's Assorted Antiques.
   117 | D:1      | Reached XP level 2. HP: 16/16 MP: 3/3
   633 | D:1      | Found Astredaa's Armour Shop.
   809 | D:1      | Reached XP level 3. HP: 20/20 MP: 4/4
   812 | D:1      | Found Madui's General Store.
  1043 | D:1      | Found Kustreki's Assorted Antiques.
  1137 | D:1      | Found Vorr's Armour Shop.
  1384 | D:2      | Found a faded altar of an unknown god.
  1665 | D:2      | Reached XP level 4. HP: 26/26 MP: 6/6
  1935 | D:2      | Found Jofoidu's Magic Scroll Boutique.
  2671 | D:3      | Identified the +9 plate armour of Ycing {Regen+ Int+5}
  2798 | D:3      | Reached XP level 5. HP: 28/30 MP: 7/7
  3861 | D:4      | Noticed a phantom
  3861 | D:4      | Noticed a phantom
  4068 | D:4      | Slain by a scorpion

Illustrated notes

Levels and vault maps discovered:
D:1:      wander_arrival_lonely_grave, layout_basic, serial_shops, shop, shop,
          nicolae_shop_hallway_plus, nicolae_shop_hallway_plus, shop_fountains,
          minmay_pentomino_v4
D:2:      layout_loops_ring, ebering_ecumenical_altar_hall, serial_shops,
          nicolae_square_shop, chequers_big_river
D:3:      layout_rooms, kennysheep_generic_room_15
D:4:      layout_loops_ring, minmay_unequal, uniq_grinder, uniq_sigmund

Skill      XL: |  1  2  3  4  5 |
---------------+----------------+-----
Crossbows      | 3 |  3.6
Fighting       | 2 |  2.5
Dodging        | 3 |  3.4
Spellcasting   | 2 |  2.0
Hexes          | |  3.9
Ice Magic      | |  0.5

Action                   |  1- 3 |  4- 6 || total
-------------------------+-------+-------++-------
Melee: Short sword       |    12 |    53 ||    65
       Punch             |       |     1 ||     1
 Fire: Hand crossbow     |    66 |   107 ||   173
 Cast: Slow              |     5 |     6 ||    11
  Use: Scroll            |     3 |     6 ||     9
       Potion            |       |     4 ||     4
Armor: Robe              |     7 |    14 ||    21
Dodge: Dodged            |    28 |    89 ||   117

Table legend: (Time is in decaauts)
 A = Elapsed time spent in this place.
 B = Non-inter-level travel time spent in this place.
 C = Inter-level travel time spent in this place.
 D = Time resting spent in this place.
 E = Time spent auto-exploring this place.
 F = Levels seen in this place.
 G = Mean time per level.
                   A        B        C        D        E       F      G
               +--------+--------+--------+--------+--------+-----+--------+
         Total |   4123 |   3882 |    241 |    646 |   2105 |   4 | 1030.8 |
       Dungeon |   4123 |   3882 |    241 |    646 |   2105 |   4 | 1030.8 |
               +--------+--------+--------+--------+--------+-----+--------+

Top non-repeatable levels by time:
     D:1: 1503 daAuts
     D:2: 1186 daAuts
     D:3: 1096 daAuts
     D:4: 337 daAuts
